[Event "Titled Tuesday Blitz July 11 Early 2023"]
[White "Mikhaylova, Irina"]
[Black "Namitbir Singh Walia"]
[WhiteFideId "4109040"]
[BlackFideId "35071068"]
[WhiteElo "2286"]
[BlackElo "2467"]
[Result "0-1"]
[Round "9"]
[TimeControl "180+2"]
[Date "2023.07.11"]
[WhiteClock "0:01:07"]
[BlackClock "0:01:51"]
[Board "127"]

1. Nf3 Nf6 2. c3 d5 3. d4 Bf5 4. Bf4 c6 5. e3 e6 6. Bd3 Bg6 7. Qe2 Ne4 8. O-O Nd7 9. Nfd2 Be7 10. f3 Nxd2 11. Nxd2 O-O 12. e4 Qb6 13. Rab1 e5 14. Be3 exd4 15. Bxd4 Bc5 16. Bxc5 Nxc5 17. Kh1 Nxd3 18. Qxd3 Rad8 19. Qe2 Rfe8 20. b3 Qa5 21. c4 dxe4 22. Nxe4 f5 0-1


[Site "https://www.chess.com"]

[Event "Titled Tuesday Blitz July 11 Early 2023"]
[White "Mmukka"]
[Black "Magallanes, Rey Jomar"]
[BlackFideId "5205948"]
[WhiteElo "2439"]
[BlackElo "2269"]
[Result "1/2-1/2"]
[Round "9"]
[TimeControl "180+2"]
[Date "2023.07.11"]
[WhiteClock "0:00:07"]
[BlackClock "0:01:16"]
[Board "128"]

1. e4 c5 2. Nf3 d6 3. d4 cxd4 4. Nxd4 Nf6 5. Nc3 a6 6. h3 e5 7. Nf3 h5 8. Bc4 Be7 9. O-O O-O 10. Qe2 Nc6 11. Rd1 Qc7 12. Bg5 Be6 13. Bb3 Rad8 14. Be3 b5 15. Ng5 Bxb3 16. axb3 b4 17. Nd5 Nxd5 18. exd5 Nd4 19. Bxd4 exd4 20. Nf3 Bf6 21. Nxd4 Qc5 22. Qc4 Rc8 23. Qxc5 Rxc5 24. Rxa6 Rxd5 25. c3 Rc8 26. Raa1 bxc3 27. bxc3 Rxc3 28. Nf3 Rxd1+ 29. Rxd1 Rxb3 30. Rxd6 Rb1+ 31. Kh2 Rb3 32. Rd5 g6 33. Nd2 Rb2 34. g3 Kg7 35. Kg2 Be7 36. Rd7 Kf8 37. Ne4 Ke8 38. Rd3 Kf8 39. g4 hxg4 40. hxg4 Kg7 41. Kf3 Rb4 42. g5 Rb5 43. Kf4 Rf5+ 44. Kg4 Re5 45. f3 f5+ 46. gxf6+ Bxf6 47. Rd7+ Re7 48. Rd6 Be5 49. Rc6 Rf7 50. Ng5 Rf4+ 51. Kh3 Rf5 52. Kg4 Rf4+ 53. Kh3 Rf5 54. Kg4 Rf4+ 1/2-1/2


[Site "https://www.chess.com"]

[Event "Titled Tuesday Blitz July 11 Early 2023"]
[White "Mazurkiewicz, Michal"]
[Black "Xavier_mompel"]
[WhiteFideId "1124943"]
[WhiteElo "2408"]
[BlackElo "2264"]
[Result "1-0"]
[Round "9"]
[TimeControl "180+2"]
[Date "2023.07.11"]
[WhiteClock "0:00:11"]
[BlackClock "0:00:00"]
[Board "129"]

1. e4 c5 2. Nf3 e6 3. d3 d5 4. Nbd2 Nc6 5. g3 Nf6 6. Bg2 Bd6 7. O-O O-O 8. Re1 Bc7 9. Qe2 b6 10. c3 Bb7 11. e5 Nd7 12. d4 cxd4 13. cxd4 a5 14. Nf1 Nb4 15. Bg5 Qe8 16. a3 Ba6 17. Qd2 Nd3 18. Re3 f6 19. exf6 gxf6 20. Bh6 Rf7 21. Rxd3 Bxd3 22. Qxd3 Re7 23. Re1 Qf7 24. Qd2 Rae8 25. Bf4 Bxf4 26. Qxf4 Qg7 27. Qh4 e5 28. dxe5 Nxe5 29. Nxe5 Rxe5 30. Bxd5+ Kh8 31. Rxe5 Rxe5 32. Ne3 Qe7 33. Qg4 Qe8 34. h4 h5 35. Qf4 Qg6 36. Bb3 Kg7 37. Bc2 Qf7 38. Nf5+ Kh8 39. Qh6+ Kg8 40. Qd2 Qe6 41. Qd8+ Kf7 42. Qc7+ Kf8 43. Qg7+ Ke8 44. Ba4+ b5 45. Nd4 Re1+ 46. Kh2 Qd5 47. Bxb5+ Kd8 48. Qxf6+ Kc7 49. Qc6+ Kb8 50. Qxd5 1-0


[Site "https://www.chess.com"]

[Event "Titled Tuesday Blitz July 11 Early 2023"]
[White "rionelG"]
[Black "Gaal, Zsoka"]
[BlackFideId "777765"]
[WhiteElo "2262"]
[BlackElo "2406"]
[Result "0-1"]
[Round "9"]
[TimeControl "180+2"]
[Date "2023.07.11"]
[WhiteClock "0:00:00"]
[BlackClock "0:00:05"]
[Board "130"]

1. e4 c6 2. d4 d5 3. exd5 cxd5 4. c3 g6 5. Nf3 Bg7 6. h4 Bg4 7. Be2 Nc6 8. Nbd2 e6 9. Nf1 Nge7 10. Ne3 Bxf3 11. Bxf3 h5 12. g4 hxg4 13. Nxg4 Nf5 14. Bg5 f6 15. Bf4 Nxh4 16. Qe2 Nxf3+ 17. Qxf3 Rxh1+ 18. Qxh1 Qe7 19. Qh7 O-O-O 20. Qxg6 e5 21. dxe5 fxe5 22. Bg5 Rd6 23. Qf5+ Qd7 24. Qxd7+ Kxd7 25. O-O-O Ke6 26. f4 Rd7 27. fxe5 Kf5 28. Nf6 Rf7 29. Rg1 Nxe5 30. Nxd5 Nf3 31. Rg2 Nxg5 32. c4 Bh6 33. Kc2 Ne4 34. b4 Ke5 35. a4 Nd6 36. Kb3 Rf3+ 37. Nc3 Be3 38. Re2 Kd4 39. Nb5+ Nxb5 40. axb5 Bd2+ 41. Ka4 Kc3 42. c5 Rf4 43. c6 Rxb4+ 44. Ka5 bxc6 45. bxc6 Rc4 0-1


[Site "https://www.chess.com"]

[Event "Titled Tuesday Blitz July 11 Early 2023"]
[White "Fule, Simon"]
[Black "Kiselev, Pavel"]
[WhiteFideId "787515"]
[BlackFideId "4191102"]
[WhiteElo "2405"]
[BlackElo "2257"]
[Result "1-0"]
[Round "9"]
[TimeControl "180+2"]
[Date "2023.07.11"]
[WhiteClock "0:00:03"]
[BlackClock "0:00:04"]
[Board "131"]

1. e4 c5 2. Nf3 Nc6 3. d4 cxd4 4. Nxd4 g6 5. c4 Bg7 6. Be3 d6 7. Nc3 Nf6 8. Be2 O-O 9. O-O Bd7 10. Nc2 a6 11. f3 Rc8 12. Qd2 Ne5 13. b3 Re8 14. Rac1 Qa5 15. Na3 Nc6 16. Nab1 Ne5 17. Rfd1 Ra8 18. Bf1 b5 19. cxb5 axb5 20. Rc2 b4 21. Ne2 Bb5 22. Nd4 Bxf1 23. Rxf1 Rec8 24. Rfc1 Rxc2 25. Rxc2 Nfd7 26. Qe2 Nc5 27. Nd2 Ned3 28. Nc4 Qd8 29. g3 Qb8 30. Rd2 Ne5 31. f4 Nxc4 32. Qxc4 Ra3 33. Nc6 Qb7 34. Nxb4 Qxe4 35. Qxe4 Nxe4 36. Rc2 Nc3 37. Bd2 Ne4 38. Be1 h6 39. Kg2 Nc5 40. Bf2 Ne4 41. Be3 Nc3 42. Bd2 Ne4 43. Bc1 Ra8 44. Kf3 Nc5 45. Bb2 Bxb2 46. Rxb2 Rb8 47. Nc6 Rb7 48. b4 Nd3 49. Rb3 Nc1 50. Rb2 Nd3 51. Rb3 Ne1+ 52. Ke2 Nc2 53. Kd3 Ne1+ 54. Kd2 Ng2 55. Ke2 Rc7 56. b5 d5 57. Kf2 d4 58. Kxg2 d3 59. Rxd3 Rb7 60. Rb3 e6 61. a4 Kf8 62. a5 Ke8 63. a6 Rb8 64. Nxb8 1-0


[Site "https://www.chess.com"]

[Event "Titled Tuesday Blitz July 11 Early 2023"]
[White "Llanos, Guillermo"]
[Black "Matute Escobar, Roxanny"]
[WhiteFideId "100358"]
[BlackFideId "3926028"]
[WhiteElo "2388"]
[BlackElo "2212"]
[Result "0-1"]
[Round "9"]
[TimeControl "180+2"]
[Date "2023.07.11"]
[WhiteClock "0:00:00"]
[BlackClock "0:00:12"]
[Board "132"]

1. Nf3 Nf6 2. c4 g6 3. b3 Bg7 4. Bb2 O-O 5. g3 c5 6. Bg2 Nc6 7. O-O e6 8. d4 cxd4 9. Nxd4 a6 10. Nc3 Qc7 11. Rc1 d6 12. Nd5 exd5 13. cxd5 Nxd5 14. Bxd5 Bd7 15. Nxc6 bxc6 16. Bxg7 Kxg7 17. Qd4+ Kg8 18. Qd2 Qb6 19. Bg2 d5 20. Rfd1 Bf5 21. e3 Rfe8 22. Qd4 Qb5 23. Rc5 Qb7 24. Rdc1 Rac8 25. Qa4 Bd7 26. Bf1 Re4 27. Qxa6 Qxa6 28. Bxa6 Ra8 29. Bd3 Rb4 30. R1c2 Kg7 31. f3 Kf6 32. Kf2 Ke5 33. e4 Kd4 34. Ke2 Rxa2 35. Rxa2 Kxc5 36. Ra7 Be6 37. Ra5+ Kd4 38. Ra6 dxe4 39. Bxe4 c5 40. Rd6+ Kc3 41. Rc6 Kd4 42. Rd6+ Ke5 43. Rc6 Rxb3 44. Rxc5+ Kd4 45. Rc2 Bc4+ 46. Kf2 f5 47. Rd2+ Ke5 48. Bc6 Be6 49. f4+ Kf6 50. Bf3 Rc3 51. h4 h6 52. Rd6 Ra3 53. Be2 Ra2 54. Ke3 Ra3+ 55. Bd3 g5 56. hxg5+ hxg5 57. Kd2 gxf4 58. gxf4 Ra4 59. Ke3 Ra3 60. Kd2 Ra4 61. Ke3 Ra3 62. Rc6 Ke7 63. Kd4 Ra4+ 64. Ke5 Bd7 0-1


[Site "https://www.chess.com"]

[Event "Titled Tuesday Blitz July 11 Early 2023"]
[White "Kiseleva, Arina"]
[Black "MAHanif"]
[WhiteFideId "4164989"]
[WhiteElo "2198"]
[BlackElo "2382"]
[Result "0-1"]
[Round "9"]
[TimeControl "180+2"]
[Date "2023.07.11"]
[WhiteClock "0:00:08"]
[BlackClock "0:01:53"]
[Board "133"]

1. d4 Nf6 2. Nf3 e6 3. e3 d5 4. Bd3 Be7 5. Nbd2 O-O 6. O-O b6 7. b3 Bb7 8. Bb2 Nbd7 9. Ne5 c5 10. Ndf3 Ne4 11. Nxd7 Qxd7 12. Ne5 Qc7 13. f3 Nd6 14. dxc5 bxc5 15. Qe1 Bf6 16. Qg3 c4 17. bxc4 Nxc4 18. Nxc4 Qxg3 19. hxg3 dxc4 20. Bxf6 cxd3 21. Be7 Rfe8 22. Bc5 Rec8 23. Bd4 Rxc2 24. Rfd1 Ba6 25. a4 Bc4 26. Rab1 a6 27. Rb7 h6 28. g4 Rc8 29. f4 Bd5 30. Ra7 Rxg2+ 31. Kf1 Ra2 32. Rxa6 Rcc2 33. e4 Bxe4 34. g5 Rh2 35. Rd6 Rh1+ 36. Bg1 Bg2+ 0-1


[Site "https://www.chess.com"]

[Event "Titled Tuesday Blitz July 11 Early 2023"]
[White "Roque Sola, Gisela"]
[Black "Rian, Kapriaga"]
[WhiteFideId "5120241"]
[BlackFideId "7103263"]
[WhiteElo "2162"]
[BlackElo "2380"]
[Result "0-1"]
[Round "9"]
[TimeControl "180+2"]
[Date "2023.07.11"]
[WhiteClock "0:00:43"]
[BlackClock "0:02:35"]
[Board "134"]

1. e4 c6 2. d4 d5 3. Nc3 dxe4 4. Nxe4 Nf6 5. Nxf6+ exf6 6. Be2 Bd6 7. Nf3 O-O 8. O-O Re8 9. h3 Nd7 10. Bd3 Nf8 11. Re1 Be6 12. c3 Ng6 13. Qc2 Qd7 14. Be3 Bxh3 15. gxh3 Qxh3 16. Bxg6 hxg6 17. Qe2 Re7 18. c4 Re4 0-1


[Site "https://www.chess.com"]

[Event "Titled Tuesday Blitz July 11 Early 2023"]
[White "Bueno, Alfeu Junior Varela"]
[Black "Sailer, Mike"]
[WhiteFideId "2108879"]
[BlackFideId "2012901"]
[WhiteElo "2375"]
[BlackElo "2156"]
[Result "1-0"]
[Round "9"]
[TimeControl "180+2"]
[Date "2023.07.11"]
[WhiteClock "0:00:16"]
[BlackClock "0:00:07"]
[Board "135"]

1. e4 d5 2. exd5 Qxd5 3. Nc3 Qd6 4. d4 c6 5. Nge2 Bg4 6. h3 Bh5 7. g4 Bg6 8. Bf4 Qd8 9. Bg2 e6 10. Qd2 Nf6 11. O-O-O Bb4 12. Qe3 Nbd7 13. d5 cxd5 14. Bxd5 Bxc3 15. Nxc3 Nxd5 16. Nxd5 Rc8 17. Bd6 Rxc2+ 18. Kb1 Re2+ 19. Ka1 Rxe3 20. Nxe3 f6 21. Ba3 Kf7 22. Rd6 Qc8 23. Rhd1 Nb6 24. f4 Be4 25. R6d4 Bc6 26. g5 Re8 27. gxf6 gxf6 28. Ng4 Nd5 29. Rg1 Ne7 30. Nh6+ Kf8 31. Rg8# 1-0


[Site "https://www.chess.com"]

[Event "Titled Tuesday Blitz July 11 Early 2023"]
[White "Harriott, Tyrell"]
[Black "Mangialardo, Tiago Carvalho"]
[WhiteFideId "2086484"]
[BlackFideId "2130718"]
[WhiteElo "2375"]
[BlackElo "2147"]
[Result "1-0"]
[Round "9"]
[TimeControl "180+2"]
[Date "2023.07.11"]
[WhiteClock "0:01:15"]
[BlackClock "0:00:00"]
[Board "136"]

1. d4 Nf6 2. e3 c5 3. f4 g6 4. Nf3 Bg7 5. Bd3 O-O 6. O-O Nc6 7. f5 d6 8. fxg6 fxg6 9. c3 Bg4 10. Qb3+ Kh8 11. Qxb7 Rc8 12. Na3 e5 13. Bb5 Rc7 14. Qa6 Nb8 15. Qa4 Bxf3 16. Rxf3 exd4 17. exd4 Ng4 18. Bf4 Qh4 19. Bg3 Qh5 20. Rxf8+ Bxf8 21. Rf1 Bg7 22. Be2 Qg5 23. Qe8+ 1-0


[Site "https://www.chess.com"]

[Event "Titled Tuesday Blitz July 11 Early 2023"]
[White "Winkels, Marcel"]
[Black "Nithyalakshmi, Sivanesan"]
[WhiteFideId "1003887"]
[BlackFideId "5706955"]
[WhiteElo "2117"]
[BlackElo "2361"]
[Result "0-1"]
[Round "9"]
[TimeControl "180+2"]
[Date "2023.07.11"]
[WhiteClock "0:00:32"]
[BlackClock "0:00:54"]
[Board "137"]

1. e4 e6 2. d4 d5 3. e5 Bd7 4. Nf3 a6 5. Be2 Bb5 6. O-O Ne7 7. Be3 Nf5 8. Nbd2 Bxe2 9. Qxe2 Be7 10. Kh1 Nd7 11. g4 Nxe3 12. Qxe3 Nb6 13. b3 Kd7 14. c4 c6 15. cxd5 Nxd5 16. Qd3 h5 17. Rg1 hxg4 18. Rxg4 g6 19. Ne4 Kc7 20. Rc1 Rh3 21. Qe2 Qh8 22. Rg2 Nf4 23. Qd2 Rxf3 24. Rg3 Rxg3 25. fxg3 Nd5 26. b4 Qh5 27. Kg2 Rh8 28. h4 Qg4 29. Qd3 Nf4+ 0-1


[Site "https://www.chess.com"]

[Event "Titled Tuesday Blitz July 11 Early 2023"]
[White "Hrescak, Ivana"]
[Black "Nagare Kaivalya Sandip"]
[WhiteFideId "14613441"]
[BlackFideId "25957929"]
[WhiteElo "2154"]
[BlackElo "2629"]
[Result "0-1"]
[Round "9"]
[TimeControl "180+2"]
[Date "2023.07.11"]
[WhiteClock "0:00:16"]
[BlackClock "0:01:41"]
[Board "138"]

1. e4 c5 2. Nf3 d6 3. Bb5+ Bd7 4. Bxd7+ Qxd7 5. c4 Nc6 6. d4 cxd4 7. Nxd4 Nf6 8. Nc3 g6 9. b3 Bg7 10. Bb2 O-O 11. O-O Rac8 12. Rc1 Rfd8 13. Re1 e5 14. Nxc6 bxc6 15. Na4 Nh5 16. Qd2 Nf4 17. f3 h5 18. Rcd1 h4 19. Qf2 h3 20. g3 Ng2 21. Re2 f5 22. c5 fxe4 23. Rxd6 Qe7 24. fxe4 Rf8 25. Red2 Rxf2 26. Kxf2 Rf8+ 27. Kg1 Qf7 0-1


[Site "https://www.chess.com"]

[Event "Titled Tuesday Blitz July 11 Early 2023"]
[White "Janaszak, Dawid"]
[Black "Sarkar, Justin"]
[WhiteFideId "1119206"]
[BlackFideId "2010011"]
[WhiteElo "2548"]
[BlackElo "2251"]
[Result "1-0"]
[Round "9"]
[TimeControl "180+2"]
[Date "2023.07.11"]
[WhiteClock "0:02:03"]
[BlackClock "0:00:00"]
[Board "139"]

1. e4 c5 2. b4 cxb4 3. Bb2 Nf6 4. e5 Nd5 5. Bc4 Nb6 6. Bb3 Nc6 7. f4 d5 8. exd6 Qxd6 9. Nf3 Bf5 10. O-O e6 11. d3 Qxf4 12. Kh1 Bd6 13. Nbd2 Qh6 14. Ne4 Bxe4 15. dxe4 O-O-O 16. Qe1 Na5 17. e5 Bc5 18. a3 bxa3 19. Qxa5 axb2 20. Qxc5+ Kb8 21. Rab1 Rc8 22. Qd6+ Ka8 23. Rxb2 Rhd8 24. Qa3 Kb8 25. Ra2 a6 26. Qa5 1-0


[Site "https://www.chess.com"]

[Event "Titled Tuesday Blitz July 11 Early 2023"]
[White "UgarteCesar"]
[Black "Ionescu, Mihai"]
[BlackFideId "1202499"]
[WhiteElo "2241"]
[BlackElo "2531"]
[Result "0-1"]
[Round "9"]
[TimeControl "180+2"]
[Date "2023.07.11"]
[WhiteClock "0:00:00"]
[BlackClock "0:00:06"]
[Board "140"]

1. d4 Nf6 2. Bf4 d6 3. Nf3 g6 4. h3 Bg7 5. e3 b6 6. Be2 Bb7 7. Nbd2 O-O 8. a4 a5 9. O-O e6 10. c3 Qe7 11. Bh2 Nbd7 12. b4 e5 13. dxe5 dxe5 14. Qb3 axb4 15. cxb4 Kh8 16. Rfc1 Nd5 17. Rab1 f5 18. Nc4 f4 19. exf4 Nxf4 20. Bf1 Bxf3 21. Qxf3 e4 22. Qb3 Qg5 23. Bxf4 Qxf4 24. Qe3 Qf5 25. Nd2 Rxa4 26. Bb5 Qxb5 27. Rxc7 Nf6 28. Nxe4 Qf5 29. Re7 Nxe4 30. Rxe4 Ra2 31. f3 Qd7 32. Re1 Raa8 33. Qxb6 Rab8 34. Qc5 Rfc8 35. Qa5 Rb5 36. Qa3 h6 37. Re7 Qd4+ 38. Kh1 Qxb4 39. Qa7 Qd4 40. Qd7 Qxd7 41. Rxd7 Re5 42. Rb1 Bf6 43. Rb6 Rf5 44. Rf7 Bd4 45. Rbb7 Rxf7 46. Rxf7 Kg8 47. Rd7 Bg7 48. g4 Rc1+ 49. Kg2 Rc2+ 0-1


[Site "https://www.chess.com"]

[Event "Titled Tuesday Blitz July 11 Early 2023"]
[White "cedchass2006"]
[Black "Thiel, Thomas"]
[BlackFideId "4615964"]
[WhiteElo "2385"]
[BlackElo "2222"]
[Result "1-0"]
[Round "9"]
[TimeControl "180+2"]
[Date "2023.07.11"]
[WhiteClock "0:00:02"]
[BlackClock "0:00:00"]
[Board "141"]

1. e4 d5 2. exd5 Nf6 3. d4 Nxd5 4. Nf3 g6 5. c4 Nb6 6. Nc3 Bg7 7. Be3 O-O 8. Be2 Bg4 9. O-O Nc6 10. d5 Bxf3 11. Bxf3 Ne5 12. Be2 Nexc4 13. Bxb6 Nxb6 14. Bf3 Nc4 15. Qe2 Nd6 16. Ne4 Nf5 17. Rfd1 Nd4 18. Qd3 Nxf3+ 19. Qxf3 b6 20. Qe2 Qd7 21. Rac1 Rac8 22. Nc3 Rfd8 23. Re1 Bxc3 24. Rxc3 Qxd5 25. Qxe7 Qd6 26. g3 Rd7 27. Qxd6 Rxd6 28. Re7 Rd2 29. Rcxc7 Rxc7 30. Rxc7 a5 31. b4 axb4 32. Rc6 Rxa2 33. Rxb6 Rb2 34. Kg2 b3 35. h4 h5 36. Kf3 Rb1 37. Ke3 Kf8 38. Kf3 Ke7 39. Ke2 Kd7 40. Rb7+ Kc6 41. Rb8 Kc5 42. Kd3 Rf1 43. Rxb3 Rxf2 44. Rb7 Rf3+ 45. Ke4 Rxg3 46. Rxf7 Rg4+ 47. Kf3 Rxh4 48. Rd7 Rg4 49. Rd8 1-0


[Site "https://www.chess.com"]

[Event "Titled Tuesday Blitz July 11 Early 2023"]
[White "Villuendas Valero, Adrian"]
[Black "Mishra, Manoj"]
[WhiteFideId "2262460"]
[BlackFideId "5006007"]
[WhiteElo "2373"]
[BlackElo "2187"]
[Result "1-0"]
[Round "9"]
[TimeControl "180+2"]
[Date "2023.07.11"]
[WhiteClock "0:01:00"]
[BlackClock "0:00:41"]
[Board "142"]

1. e4 Nf6 2. e5 Nd5 3. d4 d6 4. c4 Nb6 5. exd6 cxd6 6. Nc3 g6 7. Be3 Bg7 8. Rc1 O-O 9. h3 Bf5 10. Bd3 Bxd3 11. Qxd3 Nc6 12. b3 d5 13. c5 Nc8 14. Nf3 e5 15. dxe5 N8e7 16. Rd1 Nb4 17. Qd2 Nec6 18. Nxd5 Nxd5 19. Qxd5 Qa5+ 20. Qd2 Qa6 21. Qe2 Qa5+ 22. Rd2 Nxe5 23. Nxe5 Bxe5 24. O-O Rfe8 25. Rfd1 f5 26. Qc4+ Kf8 27. Bh6+ Bg7 28. Rd7 Re1+ 29. Kh2 1-0


[Site "https://www.chess.com"]

[Event "Titled Tuesday Blitz July 11 Early 2023"]
[White "Glavina, Pablo"]
[Black "Vaglio Munoz, Jaime"]
[WhiteFideId "100234"]
[BlackFideId "6500145"]
[WhiteElo "2370"]
[BlackElo "2271"]
[Result "0-1"]
[Round "9"]
[TimeControl "180+2"]
[Date "2023.07.11"]
[WhiteClock "0:01:11"]
[BlackClock "0:01:02"]
[Board "143"]

1. e4 c5 2. Nf3 Qa5 3. Nc3 a6 4. d4 b5 5. Bd2 b4 6. Ne2 cxd4 7. Nexd4 Qb6 8. Bc4 e6 9. O-O Bb7 10. Be3 Qc7 11. Bd3 Nf6 12. e5 Nd5 13. Bd2 h6 14. Rc1 Nc6 15. c4 bxc3 16. Bxc3 Nxc3 17. Rxc3 Qa5 18. Qe2 Bb4 19. Nxc6 Bxc6 20. Rb3 O-O 21. a3 Be7 22. Rc3 Bb5 23. Bxb5 axb5 24. Rd1 Rfd8 25. Nd4 b4 26. axb4 Qxb4 27. Rg3 Kf8 28. Qg4 g6 29. Qf4 g5 30. Qe4 d5 31. Qh7 Ke8 32. Qg8+ Kd7 33. Qxf7 Ra6 34. Rc3 Rf8 35. Qh7 Qxb2 36. Rdc1 Qxf2+ 37. Kh1 Qf1+ 38. Rxf1 Rxf1# 0-1


[Site "https://www.chess.com"]

[Event "Titled Tuesday Blitz July 11 Early 2023"]
[White "Tqebuchava, Zurab"]
[Black "Szente Varga, Fruzsina"]
[WhiteFideId "13601113"]
[BlackFideId "712264"]
[WhiteElo "2071"]
[BlackElo "2320"]
[Result "1-0"]
[Round "9"]
[TimeControl "180+2"]
[Date "2023.07.11"]
[WhiteClock "0:00:28"]
[BlackClock "0:00:17"]
[Board "144"]

1. e4 Nf6 2. e5 Nd5 3. Nc3 Nxc3 4. dxc3 d6 5. Nf3 g6 6. Bc4 Bg7 7. exd6 cxd6 8. O-O O-O 9. h3 Nc6 10. Re1 Ne5 11. Nxe5 Bxe5 12. Bh6 Bg7 13. Bxg7 Kxg7 14. Qd4+ Kg8 15. h4 h5 16. Qe4 Bf5 17. Qxe7 Bxc2 18. Qxd8 Raxd8 19. Bd5 b6 20. Re7 a5 21. Rae1 Bf5 22. Rb7 Rb8 23. Bxf7+ Kg7 24. Rxb8 Rxb8 25. Bd5 Kf6 26. f3 b5 27. Kf2 b4 28. c4 a4 29. Re3 Rc8 30. Kg3 Rb8 31. Kf4 b3 32. axb3 axb3 33. g4 hxg4 34. fxg4 Bd7 35. g5+ Kg7 36. Re7+ Kf8 37. Rxd7 Rb6 38. h5 gxh5 39. g6 1-0


[Site "https://www.chess.com"]

[Event "Titled Tuesday Blitz July 11 Early 2023"]
[White "Gyulamiryan-koryun"]
[Black "tomobeast"]
[WhiteElo "1829"]
[BlackElo "2271"]
[Result "1-0"]
[Round "9"]
[TimeControl "180+2"]
[Date "2023.07.11"]
[WhiteClock "0:01:29"]
[BlackClock "0:00:16"]
[Board "145"]

1. e4 c5 2. Be2 Nf6 3. d3 g6 4. f4 Bg7 5. Nf3 Nc6 6. c3 O-O 7. O-O d6 8. Na3 a6 9. Nc4 b5 10. Ne3 e6 11. Qc2 d5 12. e5 Nh5 13. Ng4 f6 14. Bd2 fxe5 15. Ngxe5 Nxe5 16. Nxe5 Qh4 17. Bxh5 Qxh5 18. d4 Bb7 19. Rae1 Rac8 20. Re3 cxd4 21. Rh3 Qe2 22. Nxg6 hxg6 23. Qxg6 Qxd2 24. Qxe6+ Rf7 25. f5 dxc3 26. f6 Qd4+ 27. Kh1 cxb2 28. Rg3 Rc1 29. Rxg7+ Kh8 30. Qh3+ Qh4 31. Qxh4# 1-0


[Site "https://www.chess.com"]

[Event "Titled Tuesday Blitz July 11 Early 2023"]
[White "HeinichessPY"]
[Black "Lohani, Sujana"]
[BlackFideId "12311987"]
[WhiteElo "2162"]
[BlackElo "1939"]
[Result "1-0"]
[Round "9"]
[TimeControl "180+2"]
[Date "2023.07.11"]
[WhiteClock "0:02:02"]
[BlackClock "0:00:00"]
[Board "146"]

1. e4 c5 2. Nc3 Nc6 3. f4 e6 4. g3 d5 5. d3 dxe4 6. Nxe4 Nf6 7. Bg2 Be7 8. Nf2 O-O 9. Nf3 Nd4 10. O-O Rb8 11. Ne5 Qc7 12. c3 Nb5 13. g4 Nd6 14. g5 Nd5 15. Qh5 Nf5 16. Nfg4 b6 17. Be4 Bb7 18. Bxf5 exf5 19. Nh6+ gxh6 20. gxh6 Nf6 21. Qg5+ 1-0


[Site "https://www.chess.com"]

[Event "Titled Tuesday Blitz July 11 Early 2023"]
[White "Sebag, Marie"]
[Black "Vila Dupla, Aurelio"]
[WhiteFideId "617822"]
[BlackFideId "2203383"]
[WhiteElo "2510"]
[BlackElo "2142"]
[Result "1-0"]
[Round "9"]
[TimeControl "180+2"]
[Date "2023.07.11"]
[WhiteClock "0:01:28"]
[BlackClock "0:00:17"]
[Board "147"]

1. d4 Nf6 2. c4 g6 3. Nc3 d5 4. cxd5 Nxd5 5. Bd2 Nb6 6. Nf3 Bg7 7. e3 O-O 8. Be2 c5 9. dxc5 N6d7 10. b4 a5 11. a3 axb4 12. axb4 Rxa1 13. Qxa1 Nc6 14. Qb1 Nde5 15. Nxe5 Nxe5 16. Qc2 Bf5 17. e4 Be6 18. O-O Nc6 19. Nb5 Nd4 20. Nxd4 Qxd4 21. b5 Ra8 22. Be3 Qb4 23. Rb1 Qa5 24. c6 Qc7 25. b6 Qc8 26. cxb7 Qxb7 27. Qc7 Rb8 28. Qxb7 Rxb7 29. Ba6 Rb8 30. Bf4 1-0


[Site "https://www.chess.com"]

[Event "Titled Tuesday Blitz July 11 Early 2023"]
[White "Horokoskii"]
[Black "Balla, Tamas-Kristof"]
[BlackFideId "1208497"]
[WhiteElo "2136"]
[BlackElo "2428"]
[Result "0-1"]
[Round "9"]
[TimeControl "180+2"]
[Date "2023.07.11"]
[WhiteClock "0:00:16"]
[BlackClock "0:01:31"]
[Board "148"]

1. d4 d5 2. c4 e6 3. g3 c5 4. cxd5 exd5 5. Nf3 Nc6 6. Bg2 Nf6 7. O-O Be6 8. Nc3 cxd4 9. Nxd4 Be7 10. Bf4 O-O 11. Rc1 a6 12. a3 h6 13. h4 Qd7 14. Re1 Bh3 15. Bh1 Rad8 16. b4 Rfe8 17. e3 Bd6 18. Bxd6 Qxd6 19. Bg2 Bxg2 20. Kxg2 Ne5 21. Nf3 Nc4 22. Nxd5 Nxd5 23. Rxc4 Nxe3+ 24. fxe3 Qxd1 25. Rxd1 Rxd1 26. Kf2 Ra1 27. Rc3 Ra2+ 28. Kf1 Rd8 29. Nd4 Rd5 30. Kg1 a5 31. b5 g5 32. h5 Re5 33. Nc2 g4 0-1


[Site "https://www.chess.com"]

[Event "Titled Tuesday Blitz July 11 Early 2023"]
[White "Roque Sola, Jose Luis"]
[Black "Barbot, Pierre"]
[WhiteFideId "5120390"]
[BlackFideId "663727"]
[WhiteElo "2133"]
[BlackElo "2340"]
[Result "0-1"]
[Round "9"]
[TimeControl "180+2"]
[Date "2023.07.11"]
[WhiteClock "0:00:11"]
[BlackClock "0:00:52"]
[Board "149"]

1. c4 Nf6 2. Nc3 e5 3. Nf3 Nc6 4. g3 d5 5. cxd5 Nxd5 6. d3 Be7 7. Nxd5 Qxd5 8. Bg2 O-O 9. O-O Bg4 10. Bd2 Qd7 11. Bc3 Bf6 12. Nd2 Nd4 13. Bxd4 exd4 14. Bxb7 Rab8 15. Bf3 Bxf3 16. Nxf3 Rxb2 17. Re1 Rfb8 18. Qc1 h6 19. a4 Qe7 20. Qc6 Rxe2 21. Rxe2 Qxe2 22. Qxc7 Rb2 23. Qc8+ Kh7 24. Qf5+ g6 25. Ng5+ Kg7 26. Nh3 gxf5 0-1


[Site "https://www.chess.com"]

[Event "Titled Tuesday Blitz July 11 Early 2023"]
[White "Lisjak, Zlatko"]
[Black "Blokhin, Sofia"]
[WhiteFideId "14502186"]
[BlackFideId "4508190"]
[WhiteElo "2163"]
[BlackElo "2284"]
[Result "0-1"]
[Round "9"]
[TimeControl "180+2"]
[Date "2023.07.11"]
[WhiteClock "0:00:00"]
[BlackClock "0:00:20"]
[Board "150"]

1. d4 f5 2. Bg5 g6 3. h4 Bg7 4. h5 Nf6 5. h6 Bf8 6. Nd2 d6 7. Ngf3 Nc6 8. e3 Be6 9. c4 Bf7 10. d5 Ne5 11. Nxe5 dxe5 12. Nf3 Ng4 13. Qd2 Qd6 14. O-O-O O-O-O 15. Kb1 Nf6 16. Qc3 Ne4 17. Qxe5 Qxe5 18. Nxe5 Nxg5 19. f3 Be8 20. Bd3 Nf7 21. f4 Nxh6 22. e4 fxe4 23. Bxe4 Nf7 24. Nd3 Nd6 25. Rhe1 Nxc4 26. Ne5 Bg7 27. Nxc4 Bb5 28. Ne5 Rhf8 29. g3 Bxe5 30. fxe5 Rf2 31. Rh1 Re2 32. Rhe1 Rxe1 33. Rxe1 Rf8 34. Rh1 Rf1+ 35. Rxf1 Bxf1 36. Kc2 Kd7 37. Bf3 c6 38. Kc3 cxd5 0-1


[Site "https://www.chess.com"]

[Event "Titled Tuesday Blitz July 11 Early 2023"]
[White "campochess"]
[Black "Dwilewicz, Katarzyna"]
[BlackFideId "1148486"]
[WhiteElo "2120"]
[BlackElo "2276"]
[Result "0-1"]
[Round "9"]
[TimeControl "180+2"]
[Date "2023.07.11"]
[WhiteClock "0:00:16"]
[BlackClock "0:00:46"]
[Board "151"]

1. d4 g6 2. c4 Bg7 3. Nc3 d6 4. Nf3 Nd7 5. e4 e5 6. d5 Ne7 7. Bg5 h6 8. Bd2 O-O 9. Be2 f5 10. O-O Nc5 11. exf5 gxf5 12. Rc1 a5 13. a3 e4 14. Ne1 a4 15. Rc2 Ng6 16. Be3 Nd7 17. Bh5 Nde5 18. Bxg6 Nxg6 19. f3 f4 20. Bd4 e3 21. c5 dxc5 22. Bxc5 Rf5 23. Nd3 b6 24. Bb4 Bb7 25. Qb1 Bxd5 26. Nxd5 Rxd5 27. Qa2 Kh7 28. Nc1 c5 29. Bc3 Ne5 30. Ne2 Rd1 31. Rc1 Rxf1+ 32. Rxf1 Qd3 33. Qb1 Rd8 34. Nxf4 Qxb1 35. Rxb1 Nd3 36. Rd1 Bxc3 37. bxc3 c4 38. Kf1 Rd6 39. Ke2 Nxf4+ 40. Kxe3 Rxd1 41. Kxf4 Rd3 0-1


[Site "https://www.chess.com"]